 Dungeon Crawl Stone Soup version 0.26-a0-466-g989023bd0d (webtiles) character file.

Game seed: 2848496768608941378

692 Apogee the Magician (level 7, 2/51 HPs)
             Began as a Gnoll Hedge Wizard on Aug 6, 2020.
             Was an Initiate of Sif Muna.
             Quit the game on level 5 of the Dungeon.
             The game lasted 00:11:07 (6263 turns).

Apogee the Magician (Gnoll Hedge Wizard)            Turns: 6263, Time: 00:11:08

Health: 2/51       AC:  3    Str: 12    XL:     7   Next: 63%
Magic:  6/18       EV: 15    Int: 18    God:    Sif Muna [......]
Gold:   293        SH:  0    Dex: 15    Spells: 11/21 levels left

rFire    . . .     SeeInvis .   a - +0 dagger
rCold    . . .     Faith    .   (no shield)
rNeg     . . .     Spirit   .   b - +0 robe
rPois    .         Reflect  .   c - +0 hat
rElec    .         Harm     .   (no cloak)
rCorr    .                      (no gloves)
MR       .....                  s - +0 pair of boots
Stlth    +++.......             (no amulet)
HPRegen  0.17/turn              (no ring)
MPRegen  0.16/turn              (no ring)

@: very slightly contaminated
A: distributed training, fangs 1, strong nose
a: Renounce Religion


You were on level 5 of the Dungeon.
You worshipped Sif Muna.
Sif Muna was noncommittal.
You visited 1 branch of the dungeon, and saw 5 of its levels.

You collected 293 gold pieces.

Inventory:

Hand Weapons
 a - a +0 dagger (weapon)
Armour
 b - a +0 robe (worn)
 c - a +0 hat (worn)
 s - a +0 pair of boots (worn)
   (You found it on level 3 of the Dungeon)
 u - a +0 cloak
   (You found it on level 4 of the Dungeon)
Jewellery
 e - an uncursed ring of stealth {unknown}
   (You found it on level 1 of the Dungeon)
Scrolls
 d - 5 scrolls of identify {unknown}
 f - 2 scrolls of fear {unknown}
 h - 2 scrolls of noise {unknown}
 j - 3 scrolls of amnesia {unknown}
 k - a scroll of enchant armour {unknown}
 m - 2 scrolls of teleportation {unknown}
 o - 4 scrolls of remove curse {unknown}
 p - 2 scrolls of magic mapping {unknown}
 v - a scroll of immolation {unknown}
Potions
 g - 2 potions of mutation {unknown}
 i - a potion of lignification {unknown}
 l - 2 potions of degeneration {unknown}
 n - a potion of heal wounds {unknown}
 q - a potion of invisibility {unknown}
 r - a potion of flight {unknown}
 t - a potion of might {unknown}


   Skills:
 + Level 2.6 Fighting
 + Level 2.6 Short Blades
 + Level 2.6 Long Blades
 + Level 2.6 Axes
 + Level 2.6 Maces & Flails
 + Level 2.6 Polearms
 + Level 2.6 Staves
 + Level 2.6 Slings
 + Level 2.6 Bows
 + Level 2.6 Crossbows
 + Level 2.6 Throwing
 + Level 2.6 Armour
 + Level 5.3 Dodging
 + Level 5.0 Stealth
 + Level 2.6 Shields
 + Level 2.6 Unarmed Combat
 + Level 7.6 Spellcasting
 + Level 3.0 Conjurations
 + Level 2.1 Hexes
 + Level 3.0 Summonings
 + Level 2.1 Necromancy
 + Level 3.0 Translocations
 + Level 2.1 Transmutations
 + Level 2.1 Fire Magic
 + Level 2.1 Ice Magic
 + Level 2.1 Air Magic
 + Level 2.1 Earth Magic
 + Level 2.1 Poison Magic
 + Level 2.9 Invocations
 + Level 2.6 Evocations


You had 11 spell levels left.
You knew the following spells:

 Your Spells              Type           Power        Failure   Level
a - Magic Dart            Conj           ###.         2%          1
b - Blink                 Tloc           N/A          4%          2
f - Mephitic Cloud        Conj/Pois/Air  ###.....     11%         3
s - Slow                  Hex            ##......     6%          2
x - Call Imp              Summ           ###.....     4%          2

Your spell library contained the following spells:

 Spells                   Type           Power        Failure   Level
 Beastly Appendage        Tmut           ##....       4%          1
 Searing Ray              Conj           ###...       4%          2
 Wereblood                Tmut           ##......     6%          2
 Conjure Flame            Conj/Fire      ###.....     11%         3
 Dazzling Flash           Conj/Hex       ###...       11%         3
 Spider Form              Tmut/Pois      ##........   13%         3
 Iskenderun's Mystic Bla  Conj/Tloc      ###.....     28%         4
 Fulminant Prism          Conj/Hex       ###.......   34%         4
 Ice Form                 Ice/Tmut       ##......     38%         4
 Blade Hands              Tmut           ##........   75%         5


Dungeon Overview and Level Annotations

Branches:
Dungeon (5/15)
 Temple: D:4-7

Altars:
Cheibriados
Makhleb
Qazlal
Sif Muna
Trog
Uskayaw
Xom

Shops:
D:5 [


Innate Abilities, Weirdness & Mutations

Your experience applies equally to all skills.
You have very sharp teeth.
Your uncanny sense of smell can sniff out nearby items.


Message History

Unknown command.
Aim: a centaur, quivering 5 arrows (almost dead, confused)
The magic dart hits the centaur but does no damage.
Your crimson imp blinks!
The phantom blinks!
Aim: a centaur, quivering 5 arrows (almost dead, confused)
You miscast Magic Dart.
You are very lightly contaminated with residual magic.
Nothing appears to happen.
The centaur seems less confused.
The centaur misses you.
Your crimson imp misses the phantom.
You hit the centaur. You bite the centaur, but do no damage.
The centaur hits you.
* * * LOW HITPOINT WARNING * * *
The centaur barely misses you.
You hit the centaur.
You kill the centaur!
Sif Muna accepts your kill.
Your Stealth skill increases to level 5!
The white imp gestures at you. The puff of frost misses you.
The puff of frost hits the phantom.
The phantom resists.
The phantom barely misses you.
Your crimson imp hits the phantom but does no damage.
You swap places.
The white imp hits your crimson imp but does no damage.
Your crimson imp closely misses the white imp.
The phantom barely misses you.
Your crimson imp misses the phantom.
Unknown command.
Your crimson imp hits the phantom but does no damage.
The white imp hits your crimson imp but does no damage.
Your crimson imp hits the white imp but does no damage.
The phantom barely misses your crimson imp.
Your crimson imp barely misses the phantom.
Your crimson imp completely misses the phantom.
The white imp hits your crimson imp. The white imp freezes your crimson imp!
Your crimson imp is frozen!
Your crimson imp hits the white imp but does no damage.
Your crimson imp barely misses the phantom.
Unknown command.
Your crimson imp barely misses the phantom.
The white imp hits your crimson imp. The white imp freezes your crimson imp.
Your crimson imp is frozen!
Your crimson imp dies!
The white imp gestures at you. The puff of frost hits you!
* * * LOW HITPOINT WARNING * * *
An orc comes into view. It is wielding a +0 whip.
The white imp gestures at you.
The puff of frost hits your crimson imp!
Your crimson imp is frozen!
Okay, then.

#########.......>#############
#########........#...........#
.................#...........####
#########........#..^............
............)....................
#########........#...............
#........o########.##....
#########.# #####.##....
#......@.## #......#....
#......W..# #......#....
#....5..(.# #......#....
#.........# #......#....
#.....5...# #......#....
#.....5...###......#####
#....)....(##......# #
#......((#(##......# #
##############.######'## #


You could see a phantom, a white imp, an orc and 2 friendly crimson imps.

Vanquished Creatures
  A phantom (D:5)
  A centaur (D:5)
  A bullfrog (D:4)
  A jelly (D:2)
  2 worker ants (D:5)
  A hound skeleton (D:4)
  2 gnolls (D:3)
  A howler monkey skeleton (D:4)
  3 adders
  A white imp (D:5)
  An ufetubus (D:5)
  An ooze (D:1)
  2 dart slugs
  6 leopard geckos
  An orc (D:5)
  5 bats
  4 giant cockroaches
  7 goblins (D:2)
  7 hobgoblins
  6 frilled lizards
  4 kobolds
  A quokka skeleton (D:5)
  8 rats
67 creatures vanquished.

Vanquished Creatures (collateral kills)
  A phantom (D:4)
  A sky beast (D:5)
  A scorpion (D:3)
  A howler monkey (D:4)
  A bullfrog zombie (D:5)
  An iguana (D:4)
  2 worker ants
  Robin (D:2)
  2 gnolls (D:3)
  2 adders
  2 adder skeletons
  3 worms (D:3)
  A dart slug (D:3)
  A leopard gecko (D:4)
  4 goblins (D:2)
  A hobgoblin (D:2)
  A frilled lizard (D:2)
26 creatures vanquished.

Grand Total: 93 creatures vanquished

Notes
Turn   | Place    | Note
-------+----------+-------------------------------------------
     0 | D:1      | Apogee the Gnoll Hedge Wizard began the quest for the Orb.
     0 | D:1      | Reached XP level 1. HP: 13/13 MP: 8/8
   140 | D:1      | Reached XP level 2. HP: 20/20 MP: 10/10
   896 | D:2      | Found a stormy altar of Qazlal.
   919 | D:2      | Reached XP level 3. HP: 25/25 MP: 8/11
  1006 | D:2      | Reached skill level 1 in Fighting
  1006 | D:2      | Reached skill level 1 in Short Blades
  1006 | D:2      | Reached skill level 1 in Long Blades
  1006 | D:2      | Reached skill level 1 in Axes
  1006 | D:2      | Reached skill level 1 in Maces & Flails
  1006 | D:2      | Reached skill level 1 in Polearms
  1006 | D:2      | Reached skill level 1 in Staves
  1006 | D:2      | Reached skill level 1 in Slings
  1006 | D:2      | Reached skill level 1 in Bows
  1006 | D:2      | Reached skill level 1 in Crossbows
  1006 | D:2      | Reached skill level 1 in Throwing
  1006 | D:2      | Reached skill level 1 in Armour
  1006 | D:2      | Reached skill level 1 in Shields
  1006 | D:2      | Reached skill level 1 in Unarmed Combat
  1006 | D:2      | Reached skill level 1 in Invocations
  1006 | D:2      | Reached skill level 1 in Evocations
  1010 | D:2      | Learned a level 2 spell: Blink
  1013 | D:2      | Learned a level 2 spell: Call Imp
  1067 | D:2      | Noticed Robin
  1092 | D:2      | Reached XP level 4. HP: 26/32 MP: 4/13
  1116 | D:2      | Killed Robin
  1565 | D:2      | Reached skill level 1 in Hexes
  1565 | D:2      | Reached skill level 1 in Necromancy
  1565 | D:2      | Reached skill level 1 in Transmutations
  1565 | D:2      | Reached skill level 1 in Fire Magic
  1565 | D:2      | Reached skill level 1 in Ice Magic
  1565 | D:2      | Reached skill level 1 in Air Magic
  1565 | D:2      | Reached skill level 1 in Earth Magic
  1565 | D:2      | Reached skill level 1 in Poison Magic
  1922 | D:3      | Found a burning altar of Makhleb.
  2358 | D:3      | Reached XP level 5. HP: 33/37 MP: 9/14
  3119 | D:3      | Found an ancient bone altar of Kikubaaqudgha.
  3121 | D:3      | Found a radiant altar of Vehumet.
  3121 | D:3      | Found a shattered altar of Ashenzari.
  3123 | D:3      | Found a shimmering altar of Xom.
  3123 | D:3      | Found an opulent altar of Gozag.
  3123 | D:3      | Found a radiant altar of Vehumet.
  3765 | D:4      | Noticed a phantom
  3822 | D:4      | Killed a phantom
  3822 | D:4      | Reached XP level 6. HP: 14/44 MP: 3/16
  3911 | D:4      | Learned a level 2 spell: Slow
  3915 | D:4      | Learned a level 3 spell: Mephitic Cloud
  4062 | D:4      | Reached skill level 5 in Dodging
  4066 | D:4      | Found a bloodstained altar of Trog.
  5033 | D:5      | Entered Level 5 of the Dungeon
  5041 | D:5      | Noticed a sky beast
  5071 | D:5      | Killed a sky beast
  5071 | D:5      | Reached XP level 7. HP: 32/50 MP: 4/18
  5267 | D:5      | Found a snail-covered altar of Cheibriados.
  5267 | D:5      | Found Raykamal's Armour Boutique.
  5724 | D:5      | Found a shimmering blue altar of Sif Muna.
  5729 | D:5      | Found a hide-covered altar of Uskayaw.
  5752 | D:5      | Became a worshipper of Sif Muna the Loreminder
  6256 | D:5      | Reached skill level 5 in Stealth
  6261 | D:5      | HP: 1/51 [white imp/puff of frost (8)]
  6263 | D:5      | Quit the game

Illustrated notes

Levels and vault maps discovered:
D:1:      dpeg_arrival_rooms_with_view, layout_loops_ring
D:2:      layout_basic, nicolae_qazlal_general_emergency, uniq_robin
D:3:      layout_loops_ring, nicolae_overflow_hidden_temple,
          cheibrodos_sewer_entry_bend, doesnt_xom_only_xom
D:4:      layout_basic, bloody_trog
D:5:      layout_basic, kennysheep_slug_shrine, grunt_temple_overflow_open,
          serial_shops, shop

Skill      XL: |  1  2  3  4  5  6  7 |
---------------+----------------------+-----
Conjurations   | 2 3 |  3.0
Summonings     | 2 3 |  3.0
Translocations | 2 3 |  3.0
Fighting       | 1 2 |  2.6
Short Blades   | 1 2 |  2.6
Long Blades    | 1 2 |  2.6
Axes           | 1 2 |  2.6
Maces & Flails | 1 2 |  2.6
Polearms       | 1 2 |  2.6
Staves         | 1 2 |  2.6
Slings         | 1 2 |  2.6
Bows           | 1 2 |  2.6
Crossbows      | 1 2 |  2.6
Throwing       | 1 2 |  2.6
Armour         | 1 2 |  2.6
Shields        | 1 2 |  2.6
Unarmed Combat | 1 2 |  2.6
Invocations    | 1 2 |  2.9
Evocations     | 1 2 |  2.6
Hexes          | 1 2 |  2.1
Necromancy     | 1 2 |  2.1
Transmutations | 1 2 |  2.1
Fire Magic     | 1 2 |  2.1
Ice Magic      | 1 2 |  2.1
Air Magic      | 1 2 |  2.1
Earth Magic    | 1 2 |  2.1
Poison Magic   | 1 2 |  2.1
Dodging        | 5 |  5.3
Stealth        | 5 |  5.0
Spellcasting   | |  7.6

Action                   |  1- 3 |  4- 6 |  7- 9 || total
-------------------------+-------+-------+-------++-------
Melee: Dagger            |    20 |   151 |    71 ||   242
       Bite              |       |    13 |    11 ||    24
       Punch             |       |       |     1 ||     1
 Cast: Magic Dart        |    29 |    42 |    30 ||   101
       Call Imp          |     4 |    51 |    21 ||    76
       Mephitic Cloud    |       |       |     2 ||     2
 Stab: Sleeping          |     8 |     5 |     1 ||    14
       Distracted        |       |     1 |       ||     1
       Confused          |       |       |     1 ||     1
Armor: Robe              |     3 |    18 |     7 ||    28
Dodge: Dodged            |    16 |    96 |    68 ||   180

Table legend: (Time is in decaauts)
 A = Elapsed time spent in this place.
 B = Non-inter-level travel time spent in this place.
 C = Inter-level travel time spent in this place.
 D = Time resting spent in this place.
 E = Time spent auto-exploring this place.
 F = Levels seen in this place.
 G = Mean time per level.
                   A        B        C        D        E       F      G
               +--------+--------+--------+--------+--------+-----+--------+
         Total |   6250 |   6144 |    106 |    432 |   4669 |   5 | 1250.0 |
       Dungeon |   6250 |   6144 |    106 |    432 |   4669 |   5 | 1250.0 |
               +--------+--------+--------+--------+--------+-----+--------+

Top non-repeatable levels by time:
     D:3: 1596 daAuts
     D:4: 1511 daAuts
     D:5: 1222 daAuts
     D:2: 1028 daAuts
     D:1: 891 daAuts
